 Dungeon Crawl Stone Soup version 0.22-a0-228-g3692b995fa (webtiles) character file.

418552 Imdi the Slayer (level 22, -6/232 HPs)
             Began as a Minotaur Berserker on Nov 24, 2017.
             Was the Champion of Trog.
             Mangled by an ettin
             ... wielding a cursed +0 dire flail
             ... summoned by an orange crystal statue
              (27 damage)
             ... while paralysed
             ... on level 1 of the Depths on Feb 20, 2018.
             The game lasted 09:41:10 (57272 turns).

Imdi the Slayer (Minotaur Berserker)               Turns: 57272, Time: 09:41:10

Health: -6/232     AC: 35    Str: 26      XL:     22   Next: 60%
Magic:  10/24      EV:  2    Int:  0 (6)  God:    Trog [******]
Gold:   488        SH:  0    Dex: 14      Spells: 21/21 levels left

rFire    + . .     SeeInvis .   D - +9 battleaxe (vamp) {!w}
rCold    + . .     Gourm    .   (shield currently unavailable)
rNeg     . . .     Faith    .   F - +8 plate armour {rF+}
rPois    .         Spirit   .   (helmet restricted)
rElec    +         Reflect  +   R - scarf {rC+ rF+}
rCorr    .         Harm     .   u - +2 pair of gloves of Ris Geqy {-Cast rElec rF- MR+++}
MR       ++++.     NoCast   +   G - +2 pair of boots
Stlth    ..........             f - brooch of Shielding {Reflect SH+8}
HPRegen  0.48/turn              q - +4 ring of evasion
MPRegen  0.19/turn              B - +4 ring of evasion

@: paralysed, slowed, lost intelligence
A: retaliatory headbutt, horns 2
}: 2/15 runes: decaying, gossamer
a: Berserk, Trog's Hand, Brothers in Arms, Renounce Religion


You were on level 1 of the Depths.
You worshipped Trog.
Trog was exalted by your worship.
You were hungry.

You visited 8 branches of the dungeon, and saw 41 of its levels.
You visited 1 bazaar.
You also visited: Bailey and Volcano.

You collected 4218 gold pieces.
You spent 3730 gold pieces at shops.

Inventory:

Hand Weapons
 b - a +0 blowgun
   (You took it off a kobold on level 9 of the Dungeon)
 D - a +9 vampiric battleaxe (weapon) {!w}
   (Trog gifted it to you on level 14 of the Dungeon)
Missiles
 j - 6 throwing nets (quivered) {=f, !d}
 p - 8 tomahawks of dispersal {=f}
Armour
 r - +0 swamp dragon scales
   (You found it on level 1 of the Swamp)
 u - the +2 pair of gloves of Ris Geqy (worn) {-Cast rElec rF- MR+++}
   (You found it on level 3 of the Depths)

   It makes you vulnerable to fire.
   It insulates you from electricity.
   It affects your resistance to hostile enchantments.
   It prevents spellcasting.
 F - a +8 plate armour of fire resistance (worn)
   (You took it off Saint Roka on level 2 of the Orcish Mines)
 G - a +2 pair of boots (worn)
   (You found it on level 6 of the Dungeon)
 R - a scarf of resistance (worn)
   (You found it on level 15 of the Dungeon)
Jewellery
 f - the brooch of Shielding (around neck) {Reflect SH+8}
   (You bought it in a shop on level 2 of the Orcish Mines)

   [amulet of reflection]

   It shields you and reflects attacks.
   It affects your SH (+8).
 g - an uncursed ring of resist corrosion
   (You found it on level 4 of the Dungeon)
 q - a +4 ring of evasion (left hand)
   (You took it off an orc on level 6 of the Dungeon)
 x - an uncursed ring of see invisible {sInv, !d}
   (You took it off Dowan on level 4 of the Dungeon)
 B - a +4 ring of evasion (right hand)
   (You found it on level 5 of the Dungeon)
 W - an uncursed ring of protection from fire {rF+, !d}
   (You found it on level 9 of the Dungeon)
Wands
 a - a wand of polymorph (36)
   (You found it on level 3 of the Elven Halls)
 m - a wand of iceblast (48)
   (You took it off Ijyb on level 2 of the Dungeon)
 y - a wand of scattershot (14)
   (You found it on level 12 of the Dungeon)
 J - a wand of disintegration (17)
   (You found it on level 14 of the Dungeon)
 N - a wand of clouds (8)
   (You found it on level 8 of the Dungeon)
 U - a wand of digging (29)
   (You found it on level 6 of the Lair of Beasts)
Scrolls
 l - 6 scrolls of blinking {!r}
 s - 7 scrolls of fog
 t - 20 scrolls of teleportation
 z - 15 scrolls of remove curse
 C - 6 scrolls of magic mapping {!r}
 I - 4 scrolls of immolation {!r}
 L - a scroll of holy word {unknown}
 M - a scroll of identify
Potions
 d - 21 potions of curing
 h - 6 potions of flight
 i - 7 potions of might
 k - 6 potions of cancellation
 v - 8 potions of heal wounds
 w - 5 potions of haste
 A - 6 potions of resistance
 E - 10 potions of ambrosia
 K - 2 potions of mutation {!q}
 X - 5 potions of agility
 Z - 3 potions of invisibility
Miscellaneous
 e - a fan of gales
   (You found it on level 10 of the Dungeon)
 n - a phantom mirror
 o - 2 boxes of beasts
 S - a phial of floods
   (You found it on level 5 of the Lair of Beasts)
Comestibles
 c - 53 rations {@e1}


   Skills:
 + Level 26.8 Fighting
 - Level 20.0 Axes
 + Level 21.0 Armour
 + Level 20.9 Dodging
   Level 4.0 Shields
 - Level 5.0 Evocations


You had 21 spell levels left.
You didn't know any spells.

Dungeon Overview and Level Annotations

Branches:
Dungeon (15/15)            Temple (0/1) D:7            Lair (6/6) D:9
  Swamp (4/4) Lair:3       Spider (4/4) Lair:4        Slime (0/5) Lair:5
    Orc (2/2) D:11            Elf (3/3) Orc:2        Vaults (4/5) D:14
  Crypt (0/3) Vaults:3     Depths (3/5) D:15

Altars:
Fedhas
Nemelex Xobeh
Okawaru
Ru
The Shining One
Beogh
Jiyva

Shops:
D:4 :   D:8 ?   D:10 [   D:11 %   Orc:2 *[=(*   Elf:1 =}=   Vaults:2 [%
Vaults:3 *!?

Portals:
Hell: Depths:1 Depths:2
Abyss: D:10 Depths:2
Pandemonium: Depths:3
Ziggurat: Depths:1
Trove: Elf:1 (give +7 demon whip)

Annotations:
D:3 exclusion: downstairs
D:9 exclusion: 2 downstairs
Swamp:1 2 transporters
Depths:1 exclusion: orange crystal statue


Innate Abilities, Weirdness & Mutations

You reflexively headbutt those who attack you in melee.
You have a pair of horns on your head.


Message History

You furiously retaliate!
You headbutt the purple very ugly thing.
You hit the purple very ugly thing but do no damage.
You headbutt the purple very ugly thing!
You hit the purple ugly thing.
The purple ugly thing completely misses you.
You slash the purple very ugly thing!
You kill the purple very ugly thing!
The purple very ugly thing's corpse dissolves into shadows!
You closely miss the purple ugly thing.
The orange crystal statue fixes its piercing gaze on you.
Something tries to feed on your intellect!
You block the tengu reaver's attack.
You slice the purple very ugly thing!! You slash the purple very ugly thing!
You hit the purple ugly thing but do no damage.
You block the purple ugly thing's attack.
The purple very ugly thing gores you but does no damage.
You slice the purple very ugly thing!!
You headbutt the purple very ugly thing.
You carve the purple ugly thing like a ham!!!
Your plate armour prevents you from hitting the purple very ugly thing.
The purple ugly thing completely misses you.
The purple very ugly thing misses you.
The purple very ugly thing gores you but does no damage.
You hit the purple very ugly thing.
You headbutt the purple very ugly thing.
You slice the purple very ugly thing!! You slash the purple ugly thing!
The tengu reaver hits you from afar with a bardiche!
You take 7 damage, and have 179/232 hp.
You slice the purple very ugly thing!!
You kill the purple very ugly thing!
The purple very ugly thing's corpse dissolves into shadows!
You hit the purple ugly thing but do no damage.
You completely miss the purple very ugly thing.
The purple ugly thing kicks you but does no damage.
The purple very ugly thing closely misses you.
You slice the purple ugly thing!! You headbutt the purple ugly thing!
You slash the purple very ugly thing! You slash the purple ugly thing!
The tengu reaver mumbles some strange words.
The tengu reaver conjures a globe of magical energy!
The purple ugly thing completely misses you.
The purple very ugly thing completely misses you.
You furiously retaliate!
You headbutt the purple very ugly thing!!
The purple ugly thing basks in the mutagenic energy from its kin and changes!
The orange crystal statue fixes its piercing gaze on you.
You feel your power leaking away.
A battlesphere comes into view.
You now have 8/24 mp.
You completely miss the green ugly thing.
You slash the purple ugly thing!
You kill the purple ugly thing!
The purple ugly thing's corpse dissolves into shadows!
You hit the purple very ugly thing.
The tengu reaver hits you from afar with a bardiche!
You take 9 damage, and have 171/232 hp.
You slash the green ugly thing!
You kill the green ugly thing!
The green ugly thing's corpse dissolves into shadows!
You slice the purple very ugly thing!!
You kill the purple very ugly thing!
The purple very ugly thing's corpse dissolves into shadows!
You completely miss the ettin.
The orange crystal statue glitters.
You block the ettin's attack. The ettin misses you.
You slash the ettin!
The orange crystal statue glitters.
The tengu reaver closely misses you.
You slash the ettin! You headbutt the ettin.
The ettin hits you but does no damage. The ettin hits you with a dire flail!!
You take 21 damage, and have 151/232 hp.
You hit the ettin but do no damage.
The tengu reaver hits you but does no damage.
The ettin misses you. The ettin hits you with a dire flail!
You take 17 damage, and have 134/232 hp.
You slice the ettin!! You hit the ettin.
The orange crystal statue fixes its piercing gaze on you.
You feel dopey.
You have lost your intelligence.
Something feeds on your intellect! The ettin hits you with a dire flail!!
* * * LOW HITPOINT WARNING * * *
The ettin hits you with a dire flail!!
* * * LOW HITPOINT WARNING * * *
The ettin barely misses you. The ettin hits you but does no damage.
The tengu reaver hits you from afar with a bardiche!
* * * LOW HITPOINT WARNING * * *
The ettin hits you with a dire flail!
* * * LOW HITPOINT WARNING * * *
The ettin hits you but does no damage. The ettin completely misses you.
The ettin hits you but does no damage.
The tengu reaver hits you but does no damage.
The ettin hits you with a dire flail!!
* * * LOW HITPOINT WARNING * * *
The ettin hits you but does no damage. The ettin hits you with a dire flail.
* * * LOW HITPOINT WARNING * * *
The ettin hits you with a dire flail!!
* * * LOW HITPOINT WARNING * * *
The ettin hits you with a dire flail!!
You die...

#.# #####....##.##...#.#..##.
#.####............'..##.###...
#.≈≈≈≈≈≈≈≈≈≈≈≈[≈..#..#...'...#
#.≈############≈..##.#...#....
#.≈# .$..... #≈...###...#'...
#.≈# .}..$.? #≈.....#...#.[..
#.≈# [)|[..$##≈.....#...'....
#.≈# .$..*QC##≈.....#...#....
##≈# ..8$.$C@≈≈.....#...#....
#≈# $.=.?C.##≈.....'...#....
#≈# .[...).##≈.#####...###..
#≈# $..$$/? #≈.##..#'### #..
#≈# ....... #≈.###....# #..
#≈############≈.# ##...# #..
#≈≈≈≈≈≈≈≈≈≈≈≈≈≈.# ##..#####.
#####...........# #...†>##.
############# ##.##[###


You could see a tengu reaver, an orange crystal statue, 3 ettins and a
battlesphere.

Vanquished Creatures
  Mennas (Depths:3)
  Margery (Depths:1)
  Saint Roka (Orc:2)
  Bai Suzhen (Depths:1)
  Arachne (Spider:2)
  A tentacled monstrosity (Vaults:3)
  Rupert (D:13)
  2 deep elf blademasters
  Asterion (Spider:1)
  Frances (D:12)
  3 thorn hunters
  2 storm dragons
  Kirke (Spider:1)
  A shadow dragon (shapeshifter) (Depths:1)
  Donald (Spider:1)
  5 fire giants
  A tengu reaver (Vaults:3)
  4 frost giants
  7 vault wardens
  Aizul (Vaults:2)
  2 ghost moths
  An iron dragon (Depths:3)
  6 deep elf sorcerers (Elf:3)
  7 deep elf elementalists (Elf:3)
  A caustic shrike zombie (Depths:2)
  13 ironheart preservers
  7 emperor scorpions
  A curse skull (Vaults:3)
  Louise (D:14)
  A war gargoyle (Vaults:3)
  16 very ugly things
  6 entropy weavers
  11 stone giants
  6 spark wasps
  6 dire elephants (Lair:6)
  Azrael (D:13)
  4 deep elf demonologists (Elf:3)
  4 deep elf annihilators
  2 ettins
  5 crystal guardians
  4 deep elf death magi
  5 deep elf high priests (Elf:3)
  7 fire dragons
  Josephine (D:13)
  8 yaktaur captains
  A great orb of eyes (shapeshifter) (Depths:3)
  A quicksilver dragon skeleton (Depths:2)
  6 great orbs of eyes
  4 rakshasas
  9 ice dragons
  2 ghost crabs
  9 vault guards
  2 catoblepae
  4 death knights
  An anaconda (Lair:6)
  23 hydras
  A spriggan air mage (Depths:2)
  3 deep troll shamans
  8 alligators
  13 centaur warriors
  27 dancing weapons
  5 deep troll earth magi
  A two-headed ogre (shapeshifter) (D:15)
  40 two-headed ogres
  A tengu warrior (Depths:2)
  12 ogre magi
  2 orc high priests
  A hell knight (Depths:1)
  22 deep elf knights
  10 skeletal warriors
  4 iron trolls
  A golden dragon zombie (Depths:2)
  2 glowing orange brains
  5 unseen horrors
  2 unseen horrors (shapeshifter)
  11 deep trolls
  2 gelid demonspawn (Depths:3)
  10 swamp dragons
  8 wizards
  2 flayed ghosts
  2 shambling mangroves
  A death drake (shapeshifter) (Vaults:2)
  A swamp dragon (shapeshifter) (Vaults:3)
  4 lindwurms (Lair:6)
  A phantasmal warrior (Vaults:3)
  11 deep elf archers
  A lindwurm (shapeshifter) (D:12)
  7 ironbrand convokers
  Pikel (D:5)
  15 orc knights
  62 deep elf magi
  6 necromancers
  6 harpies
  6 orc sorcerers
  16 orb spiders
  25 wolf spiders
  2 manticores (D:14)
  27 ugly things
  3 oklob plants (Lair:6)
  7 cyclopes
  The ghost of Banto the Gouger, a novice FeEn of Gozag (D:9)
  A moth of wrath (Spider:4)
  An eye of devastation (shapeshifter) (Elf:3)
  5 toenail golems (Volcano)
  4 elephants (Lair:6)
  Joseph (Lair:1)
  A rust devil (Depths:3)
  A fire giant skeleton (Depths:2)
  13 vault sentinels
  4 black mambas
  A stone giant skeleton (Vaults:4)
  2 gargoyles
  24 spiny frogs
  A yaktaur (shapeshifter) (Elf:1)
  2 torpor snails
  A hellion (Depths:3)
  33 yaktaurs
  2 kobold demonologists
  3 rime drakes
  7 komodo dragons
  A spriggan skeleton (Depths:2)
  7 freezing wraiths
  14 demonic crawlers
  A hellwing (Depths:3)
  41 jumping spiders
  A tengu conjurer (D:14)
  A queen bee (shapeshifter) (Depths:2)
  A queen bee (Lair:2)
  10 trolls
  4 meliai
  2 blink frogs (shapeshifter)
  17 hornets
  3 tyrant leeches
  19 blink frogs
  9 bog bodies
  50 slime creatures
  6 raiju
  11 hippogriffs
  2 dream sheep (Lair:5)
  3 air elementals
  A centaur simulacrum (D:14)
  A tarantella (shapeshifter) (Vaults:3)
  40 redbacks
  52 yaks
  20 spriggans
  Sigmund (D:5)
  3 water elementals
  2 hogs (Spider:1)
  17 tarantellas
  11 wyverns
  A shadow (D:14)
  9 wraiths
  8 fire elementals
  Eustachio (D:5)
  A basilisk (Lair:3)
  A human simulacrum (Vaults:4)
  5 hungry ghosts
  5 vampire mosquitoes
  9 wargs
  A spriggan simulacrum (Depths:2)
  3 insubstantial wisps (Swamp:2)
  21 swamp worms
  8 acid dragons
  2 soldier ants (D:15)
  6 hell hounds
  An acid dragon (shapeshifter) (Vaults:2)
  Duvessa (D:4)
  9 water moccasins
  7 porcupines
  13 swamp drakes
  3 ice beasts
  62 orc warriors
  2 slaves (D:4)
  5 sky beasts
  2 black bears
  41 ogres
  2 necrophages
  14 centaurs
  15 wolves
  9 boggarts
  14 crocodiles
  7 big kobolds
  19 bullfrogs
  Blork the orc (D:5)
  2 elf zombies (D:6)
  6 earth elementals
  Dowan (D:4)
  A wyvern zombie (D:14)
  A human skeleton (Vaults:4)
  A bullfrog (shapeshifter) (D:15)
  2 elf skeletons (D:6)
  3 gnoll sergeants (D:11)
  A wyvern skeleton (D:11)
  4 scorpions
  An elf simulacrum (Vaults:3)
  29 killer bees
  An orc simulacrum (Vaults:1)
  2 howler monkeys (D:12)
  The ghost of Kaname the Stinger, a weakling DsVM (D:3)
  4 electric eels
  13 crimson imps
  10 hounds
  4 bullfrog zombies
  4 centaur zombies
  5 quasits
  3 jellies
  A centaur skeleton (D:10)
  21 orc priests
  27 orc wizards
  4 bullfrog skeletons
  2 iron imps (Depths:3)
  4 iguanas
  Ijyb (D:2)
  10 worker ants
  3 hound skeletons
  Robin (D:2)
  9 gnolls
  11 adders
  5 shadow imps
  3 white imps (Depths:3)
  2 adder skeletons
  2 worms (D:2)
  13 dart slugs
  2 leopard geckos
  109 orcs
  2 ball pythons
  5 giant cockroaches
  20 goblins
  6 hobgoblins
  5 jackals
  16 kobolds
  3 quokkas
  3 bats
  3 frilled lizards
  2 goblin skeletons (D:7)
  A goblin zombie (D:7)
  2 hobgoblin zombies (D:7)
  A kobold zombie (D:7)
  3 orc skeletons
  An orc zombie (D:7)
  9 rats
  11 briar patches
  5 fungi
  4 plants (Lair:6)
1820 creatures vanquished.

Vanquished Creatures (collateral kills)
  A spiny frog (Swamp:4)
1 creature vanquished.

Vanquished Creatures (others)
  A deep elf master archer (Elf:3)
  A shadow wraith (Vaults:4)
  A skeletal warrior (D:13)
  A flayed ghost (Depths:3)
  A deep elf mage (D:14)
  2 yaktaurs
  A shadow (D:12)
  A water elemental (D:14)
  2 humans (Spider:1)
  A centaur (Vaults:1)
  An ogre (D:13)
  2 orc wizards
  A gnoll (D:11)
  A dart slug (D:5)
  2 briar patches (Swamp:4)
  A bush (D:14)
  4 fungi
  24 plants
48 creatures vanquished.

Grand Total: 1869 creatures vanquished

Notes
Turn   | Place    | Note
-------+----------+-------------------------------------------
     0 | D:1      | Imdi the Minotaur Berserker began the quest for the Orb.
     0 | D:1      | Reached XP level 1. HP: 19/19 MP: 0/0
   308 | D:1      | Reached XP level 2. HP: 25/27 MP: 1/1
   487 | D:1      | Reached skill level 4 in Axes
  1257 | D:2      | Reached XP level 3. HP: 33/33 MP: 2/2
  1260 | D:2      | Noticed Ijyb
  1272 | D:2      | Killed Ijyb
  1272 | D:2      | Reached skill level 5 in Axes
  1363 | D:2      | Reached ** piety under Trog
  1463 | D:2      | Reached XP level 4. HP: 39/40 MP: 3/3
  1476 | D:2      | Noticed Robin
  1480 | D:2      | Killed Robin
  1620 | D:2      | Reached skill level 6 in Axes
  2532 | D:3      | Noticed Kaname's ghost (weakling DsVM)
  2548 | D:3      | Killed Kaname's ghost
  2548 | D:3      | Reached XP level 5. HP: 46/46 MP: 4/4
  2664 | D:3      | Reached skill level 7 in Axes
  3594 | D:4      | Noticed Dowan
  3631 | D:4      | Noticed Duvessa
  3739 | D:4      | Got an iridescent mace
  4066 | D:4      | Reached XP level 6. HP: 37/52 MP: 5/5
  4070 | D:4      | Reached skill level 8 in Axes
  4137 | D:4      | Found Fiuzas's Book Boutique.
  4633 | D:4      | Killed Duvessa
  4633 | D:4      | Reached skill level 9 in Axes
  4643 | D:4      | Killed Dowan
  4643 | D:4      | Reached XP level 7. HP: 53/58 MP: 6/6
  4661 | D:4      | Found a blossoming altar of Fedhas.
  5001 | D:5      | Entered Level 5 of the Dungeon
  5214 | D:5      | Noticed Sigmund
  5226 | D:5      | Killed Sigmund
  5226 | D:5      | Reached skill level 10 in Axes
  5543 | D:5      | Noticed Pikel
  5718 | D:5      | Killed Pikel
  5718 | D:5      | Reached skill level 11 in Axes
  5718 | D:5      | Reached XP level 8. HP: 57/66 MP: 7/7
  5863 | D:5      | Noticed Blork the orc
  5912 | D:5      | Killed Blork the orc
  6123 | D:5      | Reached skill level 12 in Axes
  6378 | D:5      | Noticed Eustachio
  6381 | D:5      | Killed Eustachio
  6381 | D:5      | Reached *** piety under Trog
  6381 | D:5      | Reached skill level 3 in Armour
  7391 | D:6      | Reached skill level 4 in Armour
  7723 | D:6      | Reached skill level 13 in Axes
  7851 | D:6      | Reached XP level 9. HP: 50/71 MP: 8/8
  7863 | D:6      | Reached skill level 5 in Armour
  8432 | D:6      | Identified the +5 mace "Kifomm" {venom, rPois} (You found it on level 4 of the Dungeon)
  8867 | D:7      | Reached skill level 6 in Armour
  8902 | D:7      | Found a staircase to the Ecumenical Temple.
  8917 | D:7      | Reached skill level 14 in Axes
  8953 | D:7      | Found an iron altar of Okawaru.
  8981 | D:7      | Reached **** piety under Trog
  9048 | D:7      | Found a glowing golden altar of the Shining One.
  9144 | D:7      | Reached skill level 7 in Armour
  9338 | D:7      | Reached skill level 8 in Armour
  9719 | D:8      | Upgraded the game from 0.21-a0-496-g696f58f537 to 0.21-a0-504-g2eda33064f
  9768 | D:8      | Upgraded the game from 0.21-a0-504-g2eda33064f to 0.21-a0-508-gf08a75f26b
  9801 | D:8      | Upgraded the game from 0.21-a0-508-gf08a75f26b to 0.22-a0-40-g3d2f077def
  9801 | D:8      | Upgraded the game from 0.22-a0-40-g3d2f077def to 0.22-a0-224-g8cf3520474
  9898 | D:8      | Reached skill level 9 in Armour
  9981 | D:8      | Noticed a two-headed ogre
 10007 | D:8      | Killed a two-headed ogre
 10007 | D:8      | Reached skill level 4 in Fighting
 10007 | D:8      | Reached XP level 10. HP: 80/80 MP: 9/9
 10196 | D:8      | Found Biohe's Magic Scroll Boutique.
 10216 | D:8      | Reached ***** piety under Trog
 10245 | D:8      | Bought a scroll of fog for 22 gold pieces
 10245 | D:8      | Bought a scroll of teleportation for 33 gold pieces
 10261 | D:8      | Bought a scroll of identify for 22 gold pieces
 10261 | D:8      | Bought a scroll of identify for 22 gold pieces
 10539 | D:8      | Reached skill level 1 in Shields
 10608 | D:8      | Noticed a two-headed ogre
 10617 | D:8      | Killed a two-headed ogre
 10617 | D:8      | Reached skill level 5 in Fighting
 10617 | D:8      | Reached skill level 2 in Shields
 10735 | D:8      | Found Biohe's Magic Scroll Boutique.
 11071 | D:9      | Noticed a two-headed ogre
 11078 | D:8      | Killed a two-headed ogre
 11078 | D:8      | Reached skill level 15 in Axes
 11078 | D:8      | Reached skill level 3 in Shields
 11224 | D:9      | Noticed Banto's ghost (novice FeEn)
 11235 | D:9      | Killed Banto's ghost
 11235 | D:9      | Reached skill level 10 in Armour
 11247 | D:9      | Reached skill level 6 in Fighting
 11267 | D:9      | Reached skill level 4 in Shields
 11344 | D:9      | Found a flagged portal.
 11358 | Bailey   | Entered a bailey
 12340 | Bailey   | Reached XP level 11. HP: 73/91 MP: 10/10
 12916 | Bailey   | Received a gift from Trog
 13056 | Bailey   | Got a serpentine turquoise ring
 13167 | Bailey   | Noticed an orc knight
 13194 | Bailey   | Killed an orc knight
 13194 | Bailey   | Reached skill level 7 in Fighting
 13299 | Bailey   | Found a roughly hewn altar of Beogh.
 13697 | D:9      | Found a staircase to the Lair.
 13997 | D:9      | Reached skill level 16 in Axes
 14306 | D:10     | Entered Level 10 of the Dungeon
 14306 | D:10     | Noticed a two-headed ogre
 14310 | D:10     | Killed a two-headed ogre
 14310 | D:10     | Reached skill level 11 in Armour
 14523 | D:10     | Reached skill level 8 in Fighting
 14525 | D:10     | Noticed a two-headed ogre
 14538 | D:10     | Killed a two-headed ogre
 14541 | D:10     | Noticed an eight-headed hydra
 14589 | D:10     | Found Obielafa's Antique Armour Shoppe.
 14903 | D:10     | Bought an embroidered cloak for 255 gold pieces
 15017 | D:10     | Reached skill level 9 in Fighting
 15029 | D:11     | Noticed a two-headed ogre
 15032 | D:11     | Received a gift from Trog
 15041 | D:11     | Killed a two-headed ogre
 15041 | D:11     | Reached skill level 12 in Armour
 15113 | D:11     | Noticed a cyan ugly thing
 15115 | D:11     | Noticed a purple ugly thing
 15156 | Lair:1   | Entered Level 1 of the Lair of Beasts
 15212 | Lair:1   | Reached skill level 10 in Fighting
 15430 | Lair:1   | Reached XP level 12. HP: 101/107 MP: 11/11
 15588 | Lair:1   | Reached skill level 13 in Armour
 15717 | Lair:1   | Identified the ring "Earthly Heaven" {*Tele Str+3 Stlth+} (You took it off an orc in a bailey)
 15762 | Lair:1   | Noticed Joseph
 15780 | Lair:1   | Killed Joseph
 15780 | Lair:1   | Reached skill level 11 in Fighting
 16611 | Lair:2   | Reached ****** piety under Trog
 16611 | Lair:2   | Reached skill level 12 in Fighting
 16611 | Lair:2   | Reached skill level 14 in Armour
 16943 | Lair:2   | Received a gift from Trog
 17030 | Lair:3   | Got a warped hand axe
 17080 | Lair:3   | Identified the +10 hand axe "Wuicinte" {drain, rElec} (You found it on level 3 of the Lair of Beasts)
 17420 | Lair:3   | Reached skill level 13 in Fighting
 17598 | Lair:3   | Reached XP level 13. HP: 117/122 MP: 12/12
 17632 | Lair:3   | Reached skill level 15 in Armour
 17940 | Lair:3   | Found a staircase to the Swamp.
 18443 | Lair:4   | Reached skill level 14 in Fighting
 18782 | Lair:4   | Found a hole to the Spider Nest.
 19209 | Lair:5   | Reached skill level 16 in Armour
 19496 | D:10     | Found a one-way gate to the infinite horrors of the Abyss.
 19740 | D:11     | Reached skill level 3 in Dodging
 19822 | D:10     | Received a gift from Trog
 19912 | D:10     | Got an ancient trident {god gift}
 19915 | D:10     | Identified the +8 trident of a bazaar {pierce, Stlth+} (Trog gifted it to you on level 10 of the Dungeon)
 20262 | D:11     | Found a staircase to the Orcish Mines.
 20282 | D:11     | Reached skill level 4 in Dodging
 20575 | D:11     | Found Reremucw's Food Shop.
 20825 | Lair:5   | Found a viscous altar of Jiyva.
 20826 | Lair:5   | Found a staircase to the Slime Pits.
 21001 | Lair:5   | Reached XP level 14. HP: 117/133 MP: 13/13
 21044 | Lair:5   | Reached skill level 15 in Fighting
 21481 | Lair:6   | Entered Level 6 of the Lair of Beasts
 21639 | Lair:6   | Reached skill level 1 in Evocations
 21759 | Lair:6   | Reached skill level 17 in Axes
 21759 | Lair:6   | Reached skill level 5 in Dodging
 22018 | Lair:6   | Received a gift from Trog
 22603 | Lair:6   | Reached skill level 2 in Evocations
 23354 | Lair:6   | Reached skill level 3 in Evocations
 23359 | Lair:6   | Reached skill level 6 in Dodging
 23442 | Lair:6   | Got a twisted whip
 23446 | Lair:6   | Identified the +7 whip of Jowimp {slash, MP+9} (You found it on level 6 of the Lair of Beasts)
 23489 | Lair:6   | Reached skill level 17 in Armour
 23597 | Swamp:1  | Entered Level 1 of the Swamp
 23788 | Swamp:1  | Found a transporter.
 23940 | Swamp:1  | Found a transporter.
 24576 | Swamp:2  | Reached skill level 18 in Axes
 24681 | Swamp:2  | Reached skill level 4 in Evocations
 24681 | Swamp:2  | Reached XP level 15. HP: 126/143 MP: 15/17
 24899 | Swamp:2  | Received a gift from Trog
 25124 | Swamp:2  | Reached skill level 7 in Dodging
 25588 | Swamp:3  | Noticed a thorn hunter
 25589 | Swamp:3  | Reached skill level 16 in Fighting
 25597 | Swamp:4  | Entered Level 4 of the Swamp
 25949 | Swamp:4  | Reached skill level 5 in Evocations
 26242 | Swamp:3  | Killed a thorn hunter
 26367 | Swamp:3  | Identified a scroll of acquirement
 26748 | Swamp:4  | Reached skill level 8 in Dodging
 26818 | Swamp:4  | Noticed a thorn hunter
 26878 | Swamp:4  | Reached skill level 19 in Axes
 26924 | Swamp:4  | Killed a thorn hunter
 26940 | Swamp:4  | Noticed a thorn hunter
 26952 | Swamp:4  | Killed a thorn hunter
 26994 | Swamp:4  | Received a gift from Trog
 27395 | Swamp:4  | Reached XP level 16. HP: 128/152 MP: 18/18
 27439 | Swamp:4  | Got a decaying rune of Zot
 27685 | Orc:1    | Entered Level 1 of the Orcish Mines
 27952 | Orc:1    | Found a roughly hewn altar of Beogh.
 28157 | Orc:2    | Entered Level 2 of the Orcish Mines
 28214 | Orc:2    | Found a staircase to the Elven Halls.
 28251 | Orc:2    | Reached skill level 9 in Dodging
 28259 | Orc:2    | Reached skill level 18 in Armour
 28304 | Orc:2    | Found a dark tunnel.
 28312 | Volcano  | Entered a volcano
 28387 | Volcano  | Received a gift from Trog
 28982 | Orc:2    | Noticed Saint Roka
 29141 | Orc:2    | Found a roughly hewn altar of Beogh.
 29164 | Orc:2    | Killed Saint Roka
 29172 | Orc:2    | Found Gammo's General Store.
 29230 | Orc:2    | Found Futyb's Jewellery Boutique.
 29242 | Orc:2    | Found Weatis's Antique Weapon Boutique.
 29296 | Orc:2    | Found Azat's Antique Armour Boutique.
 29389 | Orc:2    | Bought a pair of runed gloves for 240 gold pieces
 29389 | Orc:2    | Bought a runed scarf for 256 gold pieces
 29389 | Orc:2    | Bought a shiny plate armour for 832 gold pieces
 29485 | Orc:2    | Found a roughly hewn altar of Beogh.
 29515 | Orc:2    | Found Fufanek's General Store.
 30472 | D:12     | Reached skill level 20 in Axes
 30479 | D:12     | Reached skill level 17 in Fighting
 30586 | D:12     | Noticed Frances
 30755 | D:12     | Killed Frances
 30902 | D:12     | Reached skill level 10 in Dodging
 31073 | D:12     | Noticed a storm dragon
 31074 | D:12     | Noticed a sphinx
 31075 | D:12     | Noticed a tengu reaver
 31508 | D:13     | Found a flickering gateway to a bazaar.
 31514 | Bazaar   | Entered a bazaar
 31520 | Bazaar   | Found Dumpa's Book Emporium.
 31520 | Bazaar   | Found Vegetoupn's Jewellery Shoppe.
 31598 | Bazaar   | Imdi: ?beeg
 31598 | Bazaar   | Imdi: beeg
 31852 | D:13     | Received a gift from Trog
 32144 | D:13     | Noticed Azrael
 32164 | D:13     | Killed Azrael
 32297 | D:13     | Got a fine battleaxe
 32301 | D:13     | Identified the +0 battleaxe of Extremism {vamp, Str-2 Dex+6} (You found it on level 13 of the Dungeon)
 32357 | D:13     | Noticed Josephine
 32363 | D:13     | Killed Josephine
 32368 | D:13     | Noticed Rupert
 32383 | D:13     | Killed Rupert
 32604 | D:13     | Found a sacrificial altar of Ru.
 32968 | D:14     | Noticed Louise
 32982 | D:14     | Killed Louise
 33037 | D:14     | Received a gift from Trog
 33040 | D:14     | Reached skill level 11 in Dodging
 33225 | D:8      | Bought a scroll of enchant weapon for 82 gold pieces
 33242 | D:8      | Bought a scroll of enchant weapon for 82 gold pieces
 33607 | D:14     | Reached XP level 17. HP: 125/163 MP: 19/19
 33619 | D:14     | Reached skill level 19 in Armour
 33992 | D:14     | Reached skill level 18 in Fighting
 34017 | D:14     | Found a gate to the Vaults.
 34163 | D:15     | Entered Level 15 of the Dungeon
 34442 | D:15     | Found a staircase to the Depths.
 35345 | Depths:1 | Entered Level 1 of the Depths
 35492 | Depths:1 | Reached skill level 12 in Dodging
 35501 | Depths:1 | Received a gift from Trog
 35679 | Depths:1 | Found a gateway to a ziggurat.
 35849 | Depths:1 | Noticed Margery
 35852 | Depths:1 | Noticed Bai Suzhen
 35859 | Depths:1 | Killed Margery
 35860 | Depths:1 | Found a gateway to Hell.
 35870 | Depths:1 | Killed Bai Suzhen
 36170 | Depths:1 | Found a runed door.
 36718 | Depths:2 | Reached skill level 20 in Armour
 36809 | Depths:2 | Reached skill level 19 in Fighting
 36813 | Depths:2 | Reached skill level 13 in Dodging
 36995 | Depths:2 | Reached XP level 18. HP: 171/176 MP: 20/20
 37120 | Depths:1 | Upgraded the game from 0.22-a0-224-g8cf3520474 to 0.22-a0-228-g3692b995fa
 37539 | Depths:2 | Reached skill level 14 in Dodging
 37979 | Depths:2 | Reached skill level 20 in Fighting
 38337 | Depths:2 | Received a gift from Trog
 38500 | Depths:2 | Got a scorched war axe {god gift}
 38507 | Depths:2 | Identified the +3 war axe "Ykkymiul" {drain, MR+} (Trog gifted it to you on level 2 of the Depths)
 38736 | Depths:3 | Reached skill level 15 in Dodging
 39145 | Depths:3 | Got a pair of heavily runed gloves
 39157 | Depths:3 | Identified the +2 pair of gloves of Ris Geqy {-Cast rElec rF- MR+++} (You found it on level 3 of the Depths)
 39246 | Depths:3 | Found a one-way gate leading to the halls of Pandemonium.
 39322 | Depths:3 | Got a jewelled ring mail
 39325 | Depths:3 | Noticed Mennas
 39356 | Depths:3 | Killed Mennas
 39744 | Orc:2    | Bought the brooch of Shielding {Reflect SH+8} for 1169 gold pieces
 39744 | Orc:2    | Found the brooch of Shielding {Reflect SH+8}
 39841 | Elf:1    | Entered Level 1 of the Elven Halls
 40085 | Elf:1    | Received a gift from Trog
 40151 | Elf:1    | Reached skill level 21 in Fighting
 40151 | Elf:1    | Reached XP level 19. HP: 156/189 MP: 21/21
 40385 | Elf:1    | Found a portal to a secret trove of treasure.
 40451 | Elf:1    | Found Xyru Kikh's Gadget Shop.
 40452 | Elf:1    | Found Heajioly's Jewellery Shoppe.
 40452 | Elf:1    | Found Mosuboaq's Jewellery Shoppe.
 40766 | Elf:1    | Reached skill level 16 in Dodging
 41249 | Elf:2    | Received a gift from Trog
 41473 | Elf:2    | Found a runed gate.
 41474 | Elf:2    | Found a runed gate.
 41512 | Elf:2    | Found a runed gate.
 41887 | Elf:2    | Received a gift from Trog
 42064 | Elf:2    | Reached skill level 17 in Dodging
 42471 | Elf:3    | Entered Level 3 of the Elven Halls
 42562 | Elf:3    | Reached skill level 22 in Fighting
 42703 | Elf:3    | Noticed a Brimstone Fiend
 43622 | Elf:3    | Found a sparkling altar of Nemelex Xobeh.
 43773 | Elf:3    | Received a gift from Trog
 44607 | Elf:3    | Reached XP level 20. HP: 202/202 MP: 22/22
 44738 | Elf:3    | Got an amethyst-encrusted plate armour
 44933 | Elf:3    | Reached skill level 18 in Dodging
 45027 | Elf:3    | Got a turquoise-studded chain mail
 45260 | Elf:3    | Identified the +9 plate armour of the Cast Vote {MP-9 Str+9 Stlth+} (You took it off a deep elf high priest on level 3 of the Elven Halls)
 45819 | Spider:1 | Entered Level 1 of the Spider Nest
 45821 | Spider:1 | Noticed Kirke
 45833 | Spider:1 | Killed Kirke
 46015 | Spider:1 | Noticed Asterion
 46052 | Spider:1 | Killed Asterion
 46238 | Spider:1 | Noticed Donald
 46257 | Spider:1 | Killed Donald
 46458 | Spider:2 | Reached skill level 23 in Fighting
 46591 | Spider:2 | Noticed Arachne
 46614 | Spider:2 | Killed Arachne
 46854 | Spider:2 | Received a gift from Trog
 46874 | Spider:2 | Got a warped executioner's axe {god gift}
 46877 | Spider:2 | Identified the +9 executioner's axe of Ravage {venom, +Rage rC++ Int-4 SInv} (Trog gifted it to you on level 2 of the Spider Nest)
 47533 | Spider:3 | Got a translucent granite ring
 47536 | Spider:3 | Identified the ring "Kaosch" {rN+ MR+ Str+4 Dex-4} (You found it on level 3 of the Spider Nest)
 48282 | Spider:3 | Received a gift from Trog
 48430 | Spider:3 | Reached skill level 19 in Dodging
 48684 | Spider:4 | Entered Level 4 of the Spider Nest
 49608 | Spider:4 | Got a gossamer rune of Zot
 49957 | Orc:2    | Bought a runed demon whip for 522 gold pieces
 50845 | Vaults:1 | Entered Level 1 of the Vaults
 51021 | Vaults:1 | Received a gift from Trog
 51185 | Vaults:1 | Reached skill level 24 in Fighting
 51216 | Vaults:1 | Reached XP level 21. HP: 208/214 MP: 23/23
 51782 | Vaults:1 | Reached skill level 20 in Dodging
 52643 | Vaults:2 | Received a gift from Trog
 52754 | Vaults:2 | Found Cobb's Antique Armour Emporium.
 52865 | Vaults:2 | Reached skill level 25 in Fighting
 52894 | Vaults:2 | Found Cezoov's Food Emporium.
 52930 | Vaults:2 | Noticed Aizul
 52946 | Vaults:2 | Killed Aizul
 53837 | Vaults:3 | Received a gift from Trog
 54170 | Vaults:3 | Reached skill level 26 in Fighting
 54243 | Vaults:3 | Found Liamieh's Distillery.
 54281 | Vaults:3 | Bought a potion of mutation for 88 gold pieces
 54329 | Vaults:3 | Found a staircase to the Crypt.
 54364 | Vaults:3 | Received a gift from Trog
 54433 | Vaults:3 | HP: 50/221 [??? (47)]
 54445 | Vaults:3 | Received a gift from Trog
 54988 | Vaults:3 | Found Sepadial's Magic Scroll Boutique.
 55114 | Vaults:3 | Found Waunk's General Store.
 55134 | Vaults:3 | Bought a scroll of enchant armour for 105 gold pieces
 55169 | Vaults:3 | Reached XP level 22. HP: 229/229 MP: 24/24
 55674 | Vaults:4 | Received a gift from Trog
 56031 | Vaults:4 | Identified Venan's Catalogue of Transformation and Heat
 56341 | Vaults:4 | Received a gift from Trog
 56473 | Vaults:4 | Reached skill level 21 in Armour
 56488 | Vaults:4 | Found a sacrificial altar of Ru.
 57268 | Depths:1 | Lost intelligence.
 57271 | Depths:1 | HP: 40/232 [ettin/dire flail[an orange crystal statue] (22)]
 57272 | Depths:1 | Mangled by an ettin

Vault maps used:
D:1:      dpeg_arrival_rooms_with_view, minmay_misc_feat_alley
D:2:      kennysheep_the_goblin_king, uniq_robin
D:3:      kennysheep_generic_room_15
D:4:      serial_shops, shop, first_bread, fedhas_altar_4, uniq_duvessa
D:5:      kennysheep_slugbush, uniq_eustachio, uniq_blork_the_orc, uniq_pikel,
          uniq_sigmund
D:6:      nicolae_ossuary_entry_catacombs, grunt_ministairs_10
D:7:      nicolae_tso_besieged_by_evil, minmay_temple_entry_hall,
          grunt_ogre_cave, minivault_26, kennysheep_okawaru_gauntlet
D:8:      serial_shops, shop_fountains
D:9:      wad_crossroads, erik_lair_island, enter_bailey_5
D:10:     serial_shops, nicolae_shop_statue_plus, lemuel_hellish_altar
D:11:     kennysheep_orc_monster_closet_entryway, serial_shops, kennysheep_mini
D:12:     minmay_expanding_circles, minivault_24, uniq_frances
D:13:     serial_shops, freezing_bzr, basic_altar, uniq_azrael, uniq_rupert,
          uniq_josephine
D:14:     david_vaults_5, serial_park_tiny_2, elves_outpost_lemuel, uniq_louise
D:15:     gammafunk_enter_depths_forms
Lair:1:   uniq_joseph
Lair:3:   kb_forest_paths, minmay_swamp_entry_worms, beast_lair_carwin_7
Lair:4:   spider_nest_entry_funnel_web, beast_lair_carwin_5
Lair:5:   slime_altar_1
Lair:6:   due_jungle_book, minmay_lindwurm_lava, minmay_lair_oklob_chamber
Swamp:1:  gammafunk_its_a_trap, nicolae_swamp_rocky_clearing
Swamp:2:  nicolae_swamp_treefoil, swamp_pool3
Swamp:3:  nicolae_swamp_little_tower, swamp_pool5
Swamp:4:  swamp
Spider:1: nicolae_spider_mines_3, uniq_asterion, uniq_kirke, uniq_donald
Spider:2: uniq_arachne
Spider:3: nicolae_spider_shape
Spider:4: grunt_spider_rune_circles
Orc:1:    nicolae_orc_accident_2
Orc:2:    grunt_orc_cross, basic_altar, enter_volcano_3, serial_shops,
          nicolae_shop_waterfront
Elf:1:    eino_elf_arrival_customs, trove_entry_hex_spiral, minivault_28,
          minmay_crystal_room, minmay_shop_grove
Elf:3:    minmay_elf_hall_curves, nemelex_altar_shiori, basic_stair_grate_trap
Vaults:1: v_alt_pattern_1, hangedman_vaults_slither,
          nicolae_vaults_border_crossing, hangedman_vaults_maws,
          nicolae_vaults_theta, nicolae_vaults_ninety_degrees,
          vaults_room_semicircle, serial_glass
Vaults:2: hangedman_vaults_slice, nicolae_vaults_meeting, v_misc_33,
          grunt_vaults_swirl, dpeg_vaults_monster_box, vaults_room_fours,
          grunt_vaults_trifunnel, grunt_vaults_hallway_short,
          grunt_vaults_focal, serial_shops, nicolae_shop_stone, shop,
          uniq_saint_roka, uniq_aizul
Vaults:3: vaults_dpeg_doors, minmay_crypt_entry_simple_round,
          ontoclasm_vaults_decontamination, vaults_mumra_chevron, v_misc_27,
          hangedman_vaults_slice, vaults_room_fours, dpeg_vaults_waves,
          grunt_vaults_hallway_long, ontoclasm_vaults_twist,
          vaults_mumra_hexcomb, serial_shops, shop, shop, nicolae_shop_trees
Vaults:4: v_misc_8, nicolae_vaults_minivaults, ontoclasm_vaults_claustrophobia,
          hangedman_vaults_stretched_pinwheel, hangedman_vaults_capsules,
          v_misc_22, ontoclasm_vaults_ring_small, vaults_dpeg_hooks,
          v_alt_pattern_3, ontoclasm_vaults_eye, v_misc_5, basic_altar
Depths:1: enter_ziggurat_d, hangedman_decor_slide_cut, grunt_metal_band,
          corexii_leaking_fountain, minmay_crystal_water, spider_trap,
          minmay_crystal_box, serial_bayou_shore_a, uniq_bai_suzhen
Depths:2: minmay_shoctagon, abyss_entry, infiniplex_staircase_split_hallway,
          hangedman_tar_grid_catacomb, serial_bayou_shore_b
Depths:3: hangedman_elemental_death_ray, hangedman_abyss_or_decor_lesser_grid,
          grunt_pan_entry_spiral, pf_vacation_house_of_asmodeus,
          infiniplex_staircase_pillars_2, minmay_shoptagon, uniq_mennas
Bazaar:   bazaar_mystics
Bailey:   bailey_polearm_2, bailey
Volcano:  volcano_bunker

Skill      XL: |  1  2  3  4  5  6  7  8  9 10 11 12 13 14 15 16 17 18 19 20 21 22 |
---------------+-------------------------------------------------------------------+-----
Axes           | 4 5 6 7 9 11 13 14 15 16 18 19 20 | 20.0
Armour         | 4 9 10 12 14 16 17 18 20 21 | 21.0
Fighting       | 4 6 10 13 14 15 16 17 19 21 22 24 26 | 26.8
Shields        | 4 |  4.0
Dodging        | 4 6 8 11 13 15 17 19 20 | 20.9
Evocations     | 4 5 |  5.0

Action                   |  1- 3 |  4- 6 |  7- 9 | 10-12 | 13-15 | 16-18 | 19-21 | 22-24 || total
-------------------------+-------+-------+-------+-------+-------+-------+-------+-------++-------
Melee: Hand axe          |    44 |   100 |   118 |    74 |   180 |     9 |       |       ||   525
       Headbutt          |     7 |    21 |    58 |   151 |   220 |   384 |   384 |    85 ||  1310
       War axe           |       |       |   183 |   549 |       |       |       |       ||   732
       Mace              |       |       |       |   106 |    25 |       |       |       ||   131
       Battleaxe         |       |       |       |       |   695 |  1388 |  1572 |   316 ||  3971
 Fire: Blowgun           |       |       |       |       |    34 |     2 |       |       ||    36
Throw: Stone             |       |       |       |    88 |     3 |       |       |       ||    91
Invok: Trog's Hand       |     2 |     9 |     8 |     1 |     1 |     7 |       |       ||    28
       Brothers in Arms  |       |     2 |     1 |       |       |       |       |       ||     3
       Berserk           |       |       |     2 |     7 |     4 |     2 |       |       ||    15
Evoke: Wand              |       |       |     6 |       |     6 |     2 |       |       ||    14
       Lamp of fire      |       |       |       |       |     3 |     2 |       |       ||     5
       Phial of floods   |       |       |       |       |     1 |     2 |       |       ||     3
       Box of beasts     |       |       |       |       |       |     2 |       |       ||     2
  Use: Scroll            |       |     7 |     6 |     9 |    14 |    17 |    11 |     1 ||    65
       Potion            |       |       |       |     1 |     2 |     1 |     1 |       ||     5
 Stab: Distracted        |       |       |       |       |     1 |     1 |     2 |     1 ||     5
  Eat: Buggy jelly       |     1 |     1 |     1 |       |       |       |       |       ||     3
       Chunk             |     1 |    15 |    22 |    25 |    30 |    36 |    40 |     6 ||   175
       Buggy fruit       |       |     1 |     3 |       |       |       |       |       ||     4
       Ration            |       |       |       |     2 |     3 |     9 |     4 |       ||    18
Armor: Animal skin       |     1 |       |       |       |       |       |       |       ||     1
       Ring mail         |    17 |    26 |    11 |       |       |       |       |       ||    54
       Chain mail        |       |       |    58 |       |       |       |       |       ||    58
       Plate armour      |       |       |     2 |   207 |   253 |   469 |   426 |    89 ||  1446
       Swamp dragon scal |       |       |       |       |   129 |    44 |       |       ||   173
       Fire dragon scale |       |       |       |       |       |     7 |       |       ||     7
Dodge: Dodged            |    40 |    44 |   154 |   567 |   791 |  1073 |  1125 |   259 ||  4053
Block: Buckler           |       |       |       |   145 |    21 |       |       |       ||   166
       Other             |       |       |       |       |       |    14 |   455 |    80 ||   549
       Reflection        |       |       |       |       |       |       |    50 |     7 ||    57

Table legend:
 A = Spawn XP
 B = Non-spawn XP
 C = Spawn XP percentage of total XP
 D = Spawn monster count
 E = Non-spawn monster count
 F = Spawn count percentage of total count
 G = Total turns spent on level
                    A         B        C        D         E        F      G
               +---------+---------+-------+---------+---------+-------+---------
         Total |       0 |  788880 |   0.0 |       0 |    1805 |   0.0 | 57272
               +---------+---------+-------+---------+---------+-------+---------
           D:1 |       0 |      32 |   0.0 |       0 |      12 |   0.0 |  1185
           D:2 |       0 |     149 |   0.0 |       0 |      34 |   0.0 |  1279
           D:3 |       0 |     139 |   0.0 |       0 |      21 |   0.0 |  1237
           D:4 |       0 |     414 |   0.0 |       0 |      11 |   0.0 |  1485
           D:5 |       0 |    1430 |   0.0 |       0 |      26 |   0.0 |  1974
           D:6 |       0 |    1336 |   0.0 |       0 |      37 |   0.0 |  1672
           D:7 |       0 |    1273 |   0.0 |       0 |      42 |   0.0 |   886
           D:8 |       0 |    3495 |   0.0 |       0 |      22 |   0.0 |  1447
           D:9 |       0 |    4192 |   0.0 |       0 |      50 |   0.0 |  1553
          D:10 |       0 |    7313 |   0.0 |       0 |      33 |   0.0 |  1099
          D:11 |       0 |    8824 |   0.0 |       0 |      59 |   0.0 |  1547
          D:12 |       0 |   11445 |   0.0 |       0 |      43 |   0.0 |  1340
          D:13 |       0 |   17132 |   0.0 |       0 |      58 |   0.0 |  1230
          D:14 |       0 |   20418 |   0.0 |       0 |      45 |   0.0 |  1211
          D:15 |       0 |   15889 |   0.0 |       0 |      51 |   0.0 |  1288
        Lair:1 |       0 |    6415 |   0.0 |       0 |      27 |   0.0 |  1126
        Lair:2 |       0 |    6896 |   0.0 |       0 |      48 |   0.0 |   999
        Lair:3 |       0 |    9882 |   0.0 |       0 |      48 |   0.0 |  1535
        Lair:4 |       0 |    6428 |   0.0 |       0 |      25 |   0.0 |  1037
        Lair:5 |       0 |    5472 |   0.0 |       0 |      20 |   0.0 |   887
        Lair:6 |       0 |   24832 |   0.0 |       0 |      45 |   0.0 |  2028
       Swamp:1 |       0 |    7685 |   0.0 |       0 |      22 |   0.0 |   879
       Swamp:2 |       0 |   12616 |   0.0 |       0 |      40 |   0.0 |   927
       Swamp:3 |       0 |   11355 |   0.0 |       0 |      21 |   0.0 |   758
       Swamp:4 |       0 |   31249 |   0.0 |       0 |      56 |   0.0 |  1433
      Spider:1 |       0 |   17038 |   0.0 |       0 |      29 |   0.0 |   646
      Spider:2 |       0 |   13860 |   0.0 |       0 |      33 |   0.0 |   996
      Spider:3 |       0 |   26186 |   0.0 |       0 |      67 |   0.0 |  1273
      Spider:4 |       0 |   23080 |   0.0 |       0 |      37 |   0.0 |   991
         Orc:1 |       0 |    4267 |   0.0 |       0 |      28 |   0.0 |   692
         Orc:2 |       0 |   12227 |   0.0 |       0 |      47 |   0.0 |  1540
         Elf:1 |       0 |   19767 |   0.0 |       0 |      34 |   0.0 |  1671
         Elf:2 |       0 |   42253 |   0.0 |       0 |      58 |   0.0 |  1969
         Elf:3 |       0 |   50057 |   0.0 |       0 |      45 |   0.0 |  2297
      Vaults:1 |       0 |   51170 |   0.0 |       0 |      98 |   0.0 |  1709
      Vaults:2 |       0 |   44476 |   0.0 |       0 |      71 |   0.0 |  1345
      Vaults:3 |       0 |   64532 |   0.0 |       0 |      93 |   0.0 |  1752
      Vaults:4 |       0 |   61456 |   0.0 |       0 |      92 |   0.0 |  1369
      Depths:1 |       0 |   45941 |   0.0 |       0 |      41 |   0.0 |  1720
      Depths:2 |       0 |   53388 |   0.0 |       0 |      59 |   0.0 |  1741
      Depths:3 |       0 |   33501 |   0.0 |       0 |      40 |   0.0 |   843
        Bailey |       0 |    2629 |   0.0 |       0 |      26 |   0.0 |  2093
       Volcano |       0 |    6741 |   0.0 |       0 |      11 |   0.0 |   490
               +---------+---------+-------+---------+---------+-------+---------

Vault maps used:
D:1:      dpeg_arrival_rooms_with_view, minmay_misc_feat_alley
D:2:      kennysheep_the_goblin_king, uniq_robin
D:3:      kennysheep_generic_room_15
D:4:      serial_shops, shop, first_bread, fedhas_altar_4, uniq_duvessa
D:5:      kennysheep_slugbush, uniq_eustachio, uniq_blork_the_orc, uniq_pikel,
          uniq_sigmund
D:6:      nicolae_ossuary_entry_catacombs, grunt_ministairs_10
D:7:      nicolae_tso_besieged_by_evil, minmay_temple_entry_hall,
          grunt_ogre_cave, minivault_26, kennysheep_okawaru_gauntlet
D:8:      serial_shops, shop_fountains
D:9:      wad_crossroads, erik_lair_island, enter_bailey_5
D:10:     serial_shops, nicolae_shop_statue_plus, lemuel_hellish_altar
D:11:     kennysheep_orc_monster_closet_entryway, serial_shops, kennysheep_mini
D:12:     minmay_expanding_circles, minivault_24, uniq_frances
D:13:     serial_shops, freezing_bzr, basic_altar, uniq_azrael, uniq_rupert,
          uniq_josephine
D:14:     david_vaults_5, serial_park_tiny_2, elves_outpost_lemuel, uniq_louise
D:15:     gammafunk_enter_depths_forms
Lair:1:   uniq_joseph
Lair:3:   kb_forest_paths, minmay_swamp_entry_worms, beast_lair_carwin_7
Lair:4:   spider_nest_entry_funnel_web, beast_lair_carwin_5
Lair:5:   slime_altar_1
Lair:6:   due_jungle_book, minmay_lindwurm_lava, minmay_lair_oklob_chamber
Swamp:1:  gammafunk_its_a_trap, nicolae_swamp_rocky_clearing
Swamp:2:  nicolae_swamp_treefoil, swamp_pool3
Swamp:3:  nicolae_swamp_little_tower, swamp_pool5
Swamp:4:  swamp
Spider:1: nicolae_spider_mines_3, uniq_asterion, uniq_kirke, uniq_donald
Spider:2: uniq_arachne
Spider:3: nicolae_spider_shape
Spider:4: grunt_spider_rune_circles
Orc:1:    nicolae_orc_accident_2
Orc:2:    grunt_orc_cross, basic_altar, enter_volcano_3, serial_shops,
          nicolae_shop_waterfront
Elf:1:    eino_elf_arrival_customs, trove_entry_hex_spiral, minivault_28,
          minmay_crystal_room, minmay_shop_grove
Elf:3:    minmay_elf_hall_curves, nemelex_altar_shiori, basic_stair_grate_trap
Vaults:1: v_alt_pattern_1, hangedman_vaults_slither,
          nicolae_vaults_border_crossing, hangedman_vaults_maws,
          nicolae_vaults_theta, nicolae_vaults_ninety_degrees,
          vaults_room_semicircle, serial_glass
Vaults:2: hangedman_vaults_slice, nicolae_vaults_meeting, v_misc_33,
          grunt_vaults_swirl, dpeg_vaults_monster_box, vaults_room_fours,
          grunt_vaults_trifunnel, grunt_vaults_hallway_short,
          grunt_vaults_focal, serial_shops, nicolae_shop_stone, shop,
          uniq_saint_roka, uniq_aizul
Vaults:3: vaults_dpeg_doors, minmay_crypt_entry_simple_round,
          ontoclasm_vaults_decontamination, vaults_mumra_chevron, v_misc_27,
          hangedman_vaults_slice, vaults_room_fours, dpeg_vaults_waves,
          grunt_vaults_hallway_long, ontoclasm_vaults_twist,
          vaults_mumra_hexcomb, serial_shops, shop, shop, nicolae_shop_trees
Vaults:4: v_misc_8, nicolae_vaults_minivaults, ontoclasm_vaults_claustrophobia,
          hangedman_vaults_stretched_pinwheel, hangedman_vaults_capsules,
          v_misc_22, ontoclasm_vaults_ring_small, vaults_dpeg_hooks,
          v_alt_pattern_3, ontoclasm_vaults_eye, v_misc_5, basic_altar
Depths:1: enter_ziggurat_d, hangedman_decor_slide_cut, grunt_metal_band,
          corexii_leaking_fountain, minmay_crystal_water, spider_trap,
          minmay_crystal_box, serial_bayou_shore_a, uniq_bai_suzhen
Depths:2: minmay_shoctagon, abyss_entry, infiniplex_staircase_split_hallway,
          hangedman_tar_grid_catacomb, serial_bayou_shore_b
Depths:3: hangedman_elemental_death_ray, hangedman_abyss_or_decor_lesser_grid,
          grunt_pan_entry_spiral, pf_vacation_house_of_asmodeus,
          infiniplex_staircase_pillars_2, minmay_shoptagon, uniq_mennas
Bazaar:   bazaar_mystics
Bailey:   bailey_polearm_2, bailey
Volcano:  volcano_bunker

Table legend:
 A = Turns spent in this place as a percentage of turns spent in the entire game.
 B = Non-inter-level travel turns spent in this place as a percentage of non-inter-level travel turns spent in the entire game.
 C = Inter-level travel turns spent in this place as a percentage of turns spent in this place.
 D = Turns resting spent in this place as a percentage of non-inter-level travel turns spent in this place.
 E = Turns spent auto-exploring this place as a percentage of non-inter-level travel turns spent in this place.
 F = Non-inter-level travel turns spent in this place divided by the number of levels of this place that you've seen.
                   A       B       C       D       E      F
               +-------+-------+-------+-------+-------+----------------------
         Total | 100.0 | 100.0 |   8.0 |  14.5 |  40.0 | 1197.0
       Dungeon |  35.7 |  35.1 |   9.5 |  16.2 |  41.5 | 1232.3
          Lair |  13.3 |  12.7 |  12.0 |   5.6 |  43.4 | 1116.5
         Swamp |   7.0 |   7.2 |   5.3 |  19.8 |  47.6 | 946.2
   Spider Nest |   6.8 |   7.0 |   4.9 |  16.7 |  42.7 | 928.2
  Orcish Mines |   3.9 |   3.7 |  12.6 |   2.2 |  44.9 | 975.0
   Elven Halls |  10.4 |  10.1 |  10.8 |  19.6 |  30.1 | 1764.7
        Vaults |  10.8 |  11.3 |   3.6 |   8.9 |  50.0 | 1488.0
        Depths |   7.5 |   7.8 |   4.4 |  15.3 |  33.4 | 1371.7
        Bazaar |   0.2 |   0.2 |   0.0 |   0.0 |   3.2 |  93.0
        Bailey |   3.7 |   4.0 |   0.0 |  29.2 |  10.1 | 2093.0
       Volcano |   0.9 |   0.9 |   0.0 |  11.4 |   6.3 | 490.0
               +-------+-------+-------+-------+-------+----------------------

Table legend:
 A = Kills in this place as a percentage of kills in entire the game.
 B = Kills by you in this place as a percentage of kills by you in the entire game.
 C = Kills by friends in this place as a percentage of kills by friends in the entire game.
 D = Other kills in this place as a percentage of other kills in the entire game.
 E = Experience gained in this place as a percentage of experience gained in the entire game.
 F = Experience gained in this place divided by the number of levels of this place that you have seen.
                   A       B       C       D       E      F
               +-------+-------+-------+-------+-------+----------------------
         Total | 100.0 | 100.0 | 100.0 | 100.0 | 100.0 | 17929.1
       Dungeon |  30.1 |  30.2 |   0.0 |  16.7 |  11.8 | 6232.1
          Lair |  11.8 |  11.8 |   0.0 |   0.0 |   7.6 | 9987.5
         Swamp |   7.7 |   7.7 | 100.0 |   0.0 |   8.0 | 15726.2
   Spider Nest |   9.2 |   9.2 |   0.0 |   0.0 |  10.2 | 20041.0
  Orcish Mines |   4.2 |   4.2 |   0.0 |   0.0 |   2.1 | 8247.0
   Elven Halls |   7.6 |   7.6 |   0.0 |  16.7 |  14.2 | 37359.0
        Vaults |  19.6 |  19.5 |   0.0 |  66.7 |  28.1 | 55408.5
        Depths |   7.8 |   7.8 |   0.0 |   0.0 |  16.8 | 44276.7
        Bailey |   1.4 |   1.4 |   0.0 |   0.0 |   0.3 | 2629.0
       Volcano |   0.6 |   0.6 |   0.0 |   0.0 |   0.9 | 6741.0
               +-------+-------+-------+-------+-------+----------------------
